 Dungeon Crawl Stone Soup version 0.31-a0-167-g1c394c0614 (webtiles) character file.

Game seed: 7065593015692596672

148 qw the Shooter (level 5, -8/49 HPs)
             Began as a Naga Hunter on June 14, 2023.
             Mangled by an orc
             ... wielding a +0 war axe
              (10 damage)
             ... on level 2 of the Dungeon.
             The game lasted 00:00:31 (908 turns).

qw the Shooter (Naga Hunter)                         Turns: 908, Time: 00:00:31

Health: -8/49      AC:  5    Str: 13    XL:     5   Next: 30%
Magic:  5/5        EV:  8    Int: 10    God:
Gold:   100        SH:  0    Dex: 16    Spells: 4/4 levels left

rFire   . . .        Y - +0 shortbow
rCold   . . .        (shield currently unavailable)
rNeg    . . .        h - +1 ring mail {rPois}
rPois   +            (no helmet)
rElec   .            (no cloak)
rCorr   .            (no gloves)
SInv    +            (no barding)
Will    .....        (no amulet)
Stlth   +            (no ring)
HPRegen 0.28/turn    (no ring)
MPRegen 0.09/turn

%: no passive effects
@: very slow
A: AC +1, large, see invisible, deformed body, poison resistance, slowness 2,
spit poison 1, naga tail 1
a: Spit Poison


You were on level 2 of the Dungeon.
You visited 1 branch of the dungeon, and saw 2 of its levels.

You collected 100 gold pieces.


Innate Abilities, Weirdness & Mutations

Your serpentine skin is tough. (AC +1)
You have supernaturally acute eyesight. (SInv)
Armour fits poorly on your strangely shaped body.
Your system is resistant to poisons. (rPois)
You cover ground very slowly.
You can spit poison.
You have a snake-like lower body.


   Skills:
 - Level 3.0 Fighting
 + Level 5.4 Ranged Weapons
 - Level 1.5 Dodging
 - Level 1.5 Stealth


You had 4 spell levels left.
You didn't know any spells.
Your spell library was empty.

Inventory:

Hand Weapons
 Y - a +0 shortbow (weapon)
Armour
 h - a +1 ring mail of poison resistance (worn)
Scrolls
 a - a scroll of silence {unknown}
 b - 2 scrolls of noise {unknown}
 c - a scroll of identify {unknown}
 e - a scroll of amnesia {unknown}
Potions
 d - a potion of degeneration {unknown}
 g - a potion of curing {unknown}

Dungeon Overview and Level Annotations

Branches:
Dungeon (2/15)

Altars:


Message History

903 ||| INVOKING Spit Poison.
Aiming: Spit Poison (1% risk of failure)
Press: ? - help, Shift-Dir - straight line, f - orc wizard The splash of poison misses the orc wizard.
The splash of poison hits the orc priest!
The orc priest is poisoned.
The orc priest is severely wounded.
The orc wizard hits you with a +0 dagger.
The orc hits you with a +0 war axe.
You shoot an arrow.
The arrow closely misses the orc wizard.
The arrow barely misses the orc.
The orc misses you.
The orc wizard hits you with a +0 dagger.
The orc hits you but does no damage.
The orc wizard hits you with a +0 dagger.
The orc hits you with a +0 hand axe.
You shoot an arrow. The arrow hits the orc wizard!
The orc wizard is almost dead.
The orc barely misses you. x2
The orc priest calls down the wrath of Beogh upon you.
Beogh smites you!
The orc wizard hits you but does no damage.
You shoot an arrow.
The arrow closely misses the orc wizard.
The arrow hits the orc priest.
You kill the orc priest!
The orc hits you with a +0 war axe.
The orc wizard hits you with a +0 dagger.
The orc hits you but does no damage.
You shoot an arrow. The arrow hits the orc wizard.
The orc wizard is almost dead.
The orc hits you with a +0 war axe!
The orc wizard hits you but does no damage.
The orc hits you but does no damage.
You shoot an arrow.
The arrow closely misses the orc wizard.
You have got your breath back.
The orc hits you with a +0 war axe!
You die...

##### ...... ......#
#######..
......o########.......#
.....)o@).......####...
......o#..####........#
.........####..#.####.##
.......#####.....# #.##
#####.. #....#.### ##.## .
...###.####.# ##....
..###########...#
#.####..<##
.<..........######...%%..##
##
...######........%...####


You could see an orc wizard (invisible) and 2 orcs.

Vanquished Creatures
  A howler monkey (D:2)
  An orc priest (D:2)
  A hound zombie (D:2)
  An adder (D:2)
  2 adder zombies (D:2)
  An adder skeleton (D:2)
  A dart slug (D:2)
  3 orcs (D:2)
  8 bats
  3 endoplasms
  A giant cockroach (D:1)
  2 goblins (D:1)
  5 hobgoblins
  4 kobolds
  A quokka (D:1)
  A ball python (D:2)
  A ball python skeleton (D:2)
  A ball python zombie (D:2)
  3 frilled lizards (D:1)
  A jackal skeleton (D:2)
  5 rats (D:1)
47 creatures vanquished.

Notes
Turn   | Place    | Note
-------+----------+-------------------------------------------
     0 | D:1      | qw the Naga Hunter began the quest for the Orb.
     0 | D:1      | Reached XP level 1. HP: 19/19 MP: 1/1
     0 | D:1      | 0 ||| qw: Version: 0.2-a-29-g1fa15c8
     0 | D:1      | 0 ||| qw: Game counter: 5138
     0 | D:1      | 0 ||| qw: Always use a shield: true
     0 | D:1      | 0 ||| qw: God list: Okawaru
     0 | D:1      | 0 ||| qw: Allow faded altars: false
     0 | D:1      | 0 ||| qw: Do Orc after D:15 true
     0 | D:1      | 0 ||| qw: Do second Lair branch before Depths: true
     0 | D:1      | 0 ||| qw: Lair rune preference: random
     0 | D:1      | 0 ||| qw: Plans: Normal
     0 | D:1      | 0 ||| PLANNING D:1-11
    18 | D:1      | 18 ||| INVOKING Spit Poison.
    55 | D:1      | 55 ||| INVOKING Spit Poison.
    71 | D:1      | 71 ||| INVOKING Spit Poison.
    73 | D:1      | Reached skill level 4 in Ranged Weapons
    73 | D:1      | Reached XP level 2. HP: 26/26 MP: 2/2
    80 | D:1      | 80 ||| INVOKING Spit Poison.
    93 | D:1      | 93 ||| INVOKING Spit Poison.
    94 | D:1      | 94 ||| INVOKING Spit Poison.
   111 | D:1      | 111 ||| INVOKING Spit Poison.
   219 | D:1      | 219 ||| INVOKING Spit Poison.
   229 | D:1      | 229 ||| INVOKING Spit Poison.
   250 | D:1      | 250 ||| INVOKING Spit Poison.
   261 | D:1      | 261 ||| INVOKING Spit Poison.
   265 | D:1      | 265 ||| INVOKING Spit Poison.
   305 | D:1      | 305 ||| INVOKING Spit Poison.
   353 | D:1      | 353 ||| INVOKING Spit Poison.
   355 | D:1      | Reached XP level 3. HP: 32/32 MP: 3/3
   370 | D:1      | 370 ||| INVOKING Spit Poison.
   376 | D:1      | 376 ||| INVOKING Spit Poison.
   379 | D:1      | 379 ||| INVOKING Spit Poison.
   542 | D:1      | 542 ||| UPGRADING to +1 ring mail of poison resistance.
   552 | D:1      | 552 ||| DROPPING +0 leather armour.
   553 | D:1      | 553 ||| READING 2 scrolls labelled XUIM OMEAGESK.
   554 | D:1      | 554 ||| DRINKING 2 purple potions.
   555 | D:1      | 555 ||| DROPPING scroll of fear.
   556 | D:1      | 556 ||| DROPPING scroll of butterflies.
   557 | D:1      | 557 ||| DROPPING potion of enlightenment.
   565 | D:2      | 565 ||| INVOKING Spit Poison.
   574 | D:2      | 574 ||| INVOKING Spit Poison.
   578 | D:2      | 578 ||| INVOKING Spit Poison.
   616 | D:2      | 616 ||| INVOKING Spit Poison.
   635 | D:2      | 635 ||| INVOKING Spit Poison.
   684 | D:2      | Reached skill level 5 in Ranged Weapons
   684 | D:2      | Reached XP level 4. HP: 35/39 MP: 4/4
   704 | D:2      | 704 ||| INVOKING Spit Poison.
   707 | D:2      | 707 ||| INVOKING Spit Poison.
   822 | D:2      | 822 ||| INVOKING Spit Poison.
   848 | D:2      | 848 ||| INVOKING Spit Poison.
   856 | D:2      | 856 ||| INVOKING Spit Poison.
   857 | D:2      | Reached skill level 3 in Fighting
   890 | D:2      | 890 ||| INVOKING Spit Poison.
   894 | D:2      | Reached XP level 5. HP: 49/49 MP: 5/5
   897 | D:2      | 897 ||| INVOKING Spit Poison.
   900 | D:2      | 900 ||| INVOKING Spit Poison.
   903 | D:2      | 903 ||| INVOKING Spit Poison.
   906 | D:2      | HP: 12/49 [orc/+0 war axe (4)]
   907 | D:2      | HP: 1/49 [orc/+0 war axe (9)]
   908 | D:2      | Mangled by an orc

Levels and vault maps discovered:
D:1:      dpeg_arrival_ternary, layout_basic
D:2:      cheibrodos_pilgrimage, layout_rooms, serial_undead, serial_undead_c,
          serial_undead_f, serial_undead_b, serial_undead_b, serial_undead_e,
          serial_undead_f

Skill      XL: |  1  2  3  4 |
---------------+-------------+-----
Ranged Weapons | 4 5 |  5.4
Fighting       | 3 |  3.0
Dodging        | |  1.5
Stealth        | |  1.5

Action                     |  1- 3 |  4- 6 || total
---------------------------+-------+-------++-------
   Fire: Shortbow          |    66 |    27 ||    93
Ability: Spit Poison       |    21 |     9 ||    30
    Use: Scroll            |     1 |       ||     1
         Potion            |     1 |       ||     1
 Armour: Leather armour    |     1 |       ||     1
         Ring mail         |     8 |     5 ||    13
  Dodge: Dodged            |     8 |     4 ||    12

Table legend:
 A = Non-vault XP
 B = Vault XP
 C = Vault XP percentage of total XP
 D = Non-vault monster count
 E = Vault monster count
 F = Vault count percentage of total count
                 A         B        C        D         E       F
            +---------+---------+-------+---------+---------+-------
      Total |     121 |      91 |  42.9 |      36 |      11 |  23.4
            +---------+---------+-------+---------+---------+-------
        D:1 |      39 |       0 |   0.0 |      25 |       0 |   0.0
        D:2 |      82 |      91 |  52.6 |      11 |      11 |  50.0
            +---------+---------+-------+---------+---------+-------
